 Dungeon Crawl Stone Soup version 0.29-a0-270-g1586fc07ea (webtiles) character file.

Game seed: 13821451677818383371

870 spaghetti the Skirmisher (level 7, -4/59 HPs)
             Began as a Demonspawn Gladiator on Mar 7, 2022.
             Splashed by a jelly's acid (5 damage)
             ... on level 5 of the Dungeon.
             The game lasted 00:08:51 (5828 turns).

spaghetti the Skirmisher (Demonspawn Gladiator)     Turns: 5828, Time: 00:08:51

Health: -4/59      AC: -10   Str: 17    XL:     7   Next: 73%
Magic:  7/7        EV: 16    Int:  9    God:
Gold:   133        SH:  0    Dex: 14    Spells: 6/6 levels left

rFire   + . .      SeeInvis .   h - +0 morningstar (flame) {mace}
rCold   + . .      Faith    .   (no shield)
rNeg    . . .      Spirit   .   q - +0 leather armour
rPois   +          Reflect  .   b - +0 helmet
rElec   +          Harm     .   n - +0 cloak
rCorr   +          Rampage  .   k - +0 pair of gloves
Will    .....                   (no boots)
Stlth   +.........              (no amulet)
HPRegen 0.19/turn               l - +4 ring of evasion
MPRegen 0.10/turn               (no ring)

@: resistant, corroded, hasted, very quick
A: hooves 2, icy blue scales 1, demonic guardian 2
a: no special abilities


You were on level 5 of the Dungeon.
You visited 1 branch of the dungeon, and saw 5 of its levels.
You also visited: Sewer.

You collected 256 gold pieces.
You spent 123 gold pieces at shops.


Innate Abilities, Weirdness & Mutations

You have hoof-like feet.
You are partially covered in icy blue scales. (AC +2)
A demonic guardian rushes to your aid.


   Skills:
 + Level 6.9 Fighting
 - Level 1.7 Throwing
 + Level 5.1 Armour
 - Level 2.7 Dodging
 - Level 2.6 Unarmed Combat


You had 6 spell levels left.
You didn't know any spells.
Your spell library contained the following spells:

 Spells                   Type           Power      Damage    Failure   Level
 Animate Skeleton         Necr           0%         N/A       43%         1
 Pain                     Necr           0%         1d4       43%         1
 Static Discharge         Conj/Air       0%         N/A       58%         2
 Vampiric Draining        Necr           0%         2d6       82%         3
 Lightning Bolt           Conj/Air       0%         1d11      100%        5
 Maxwell's Capacitive Co  Air            0%         ∞         100%        8

Inventory:

Hand Weapons
 a - a +3 dagger of venom {short}
   (You took it off a kobold on level 1 of the Dungeon)
 h - a +0 morningstar of flaming (weapon) {mace}
   (You took it off an orc on level 3 of the Dungeon)
Missiles
 c - 2 throwing nets {=f!fthrowing}
 e - 4 boomerangs {throwing}
 f - 5 poisoned darts {throwing}
 j - a javelin {throwing}
 o - 212 stones (quivered) {throwing}
Armour
 b - a +0 helmet (worn)
 k - a +0 pair of gloves (worn)
   (You found it on level 3 of the Dungeon)
 n - a +0 cloak (worn)
   (You found it on level 4 of the Dungeon)
 q - a +0 leather armour (worn)
Jewellery
 l - a +4 ring of evasion (left hand)
   (You found it on level 3 of the Dungeon)
Scrolls
 m - 3 scrolls of teleportation {@r4}
 r - a scroll of immolation {!r!r}
 v - 3 scrolls of enchant weapon
Potions
 g - a potion of lignification {!q}
 i - 3 potions of brilliance
 t - a potion of cancellation

Dungeon Overview and Level Annotations

Branches:
Dungeon (5/15)              Sewer (visited)
 Temple: D:4-7

Altars:
Trog
Wu Jian

Shops:
D:4

* ####.#
#..............####......
≈≈##.####(...........#####.......
≈≈##................## #........
#≈######..........### ##.......
÷≈## ##..........## #.......
÷≈≈###........(.## #.......
≈≈###..##.....(### #.......
###..#######..4J.# #....... #.###
#####@# ##...... ### ### ####...
####


You could see a jelly (corroded, ally target) and a friendly rust devil
(summoned, corroded).


Message History

Throw: 222 stones {throwing}
Press: ? - help, Q - select action, (/) - cycle Shift-Dir - straight line, f - jelly, p - jelly
Aim: a jelly (90% to hit)
You throw a stone {throwing}.
The stone {throwing} barely misses the jelly.
The stone {throwing} hits the jelly but does no damage.
The jelly hits you but does no damage.
Throw: 221 stones {throwing}
Press: ? - help, Q - select action, (/) - cycle Shift-Dir - straight line You throw a stone {throwing}.
The stone {throwing} hits the jelly but does no damage.
You feel less wooden.
Your +0 cloak unmelds from your body.
Your +0 helmet unmelds from your body.
Your +0 pair of gloves unmelds from your body.
Your +0 leather armour unmelds from your body.
Your rust devil barely misses the jelly. 😱 HP[-3]
You now have 59 max hp (-29).
Throw: 220 stones {throwing}
Press: ? - help, Q - select action, (/) - cycle Shift-Dir - straight line, f - jelly
Aim: a jelly (almost dead, poisoned, covered in acid, ally target, 90% to hit)
You throw a stone {throwing}.
The stone {throwing} hits the jelly but does no damage.
The jelly closely misses you.
Throw: 219 stones {throwing}
Press: ? - help, Q - select action, (/) - cycle Shift-Dir - straight line, f/p - jelly
Aim: a jelly (almost dead, poisoned, covered in acid, ally target, 90% to hit)
You throw a stone {throwing}.
The stone {throwing} hits the jelly but does no damage.
The jelly jiggles.
The jelly hits your rust devil.
Your rust devil is splashed with acid.
The acid corrodes your rust devil!
Your rust devil hits the jelly!
The jelly dies!
A jelly is nearby!
Unknown command.
Unknown command.
A jelly is nearby!
What are your orders? t - Shout!
Orders for allies: a - Attack new target. r - Retreat! s - Stop attacking. g - Guard the area. f - Follow me.
Anything else - Cancel.
Gang up on whom?
Press: ? - help, Dir - move target, f - jelly
Aim: a jelly (ally target) Attack!
Throw: 218 stones {throwing}
Press: ? - help, Q - select action, (/) - cycle Shift-Dir - straight line, f/p - jelly
Aim: a jelly (ally target, 90% to hit)
You throw a stone {throwing}.
The stone {throwing} hits the jelly but does no damage.
Your rust devil hits the jelly!
Your rust devil is burned by acid!
Throw: 217 stones {throwing}
Press: ? - help, Q - select action, (/) - cycle Shift-Dir - straight line, f/p - jelly
Aim: a jelly (lightly wounded, ally target, 90% to hit)
You throw a stone {throwing}.
The stone {throwing} hits the jelly but does no damage.
The jelly closely misses you.
Your rust devil hits the jelly!
Your rust devil is burned by acid! 😱 HP[+1] Throw: 216 stones {throwing}
Press: ? - help, Q - select action, (/) - cycle Shift-Dir - straight line, f/p - jelly
Aim: a jelly (heavily wounded, not watching you, ally target, 90% to hit)
You throw a stone {throwing}.
The stone {throwing} barely misses the jelly.
The jelly hits your rust devil but does no damage.
Throw: 215 stones {throwing}
Press: ? - help, Q - select action, (/) - cycle Shift-Dir - straight line, f/p - jelly
Aim: a jelly (heavily wounded, not watching you, ally target, 90% to hit)
You throw a stone {throwing}.
The stone {throwing} hits the jelly but does no damage.
Your rust devil hits the jelly.
Your rust devil corrodes the jelly!
Your rust devil seems to be corroded for longer.
Your rust devil is burned by acid!
Throw: 214 stones {throwing}
Press: ? - help, Q - select action, (/) - cycle Shift-Dir - straight line, f/p - jelly
Aim: a jelly (heavily wounded, not watching you, covered in acid, ally target, 90% to hit)
You throw a stone {throwing}.
The stone {throwing} hits the jelly but does no damage.
The jelly hits you.
* * * LOW HITPOINT WARNING * * *
You are splashed with acid.
You resist.
* * * LOW HITPOINT WARNING * * *
Your rust devil hits the jelly.
The jelly seems to be corroded for longer.
Your rust devil is burned by acid! 😱 HP[-6]
You take 6 damage, and now have 2/59 hp.
Throw: 213 stones {throwing}
Press: ? - help, Q - select action, (/) - cycle Shift-Dir - straight line, f/p - jelly
Aim: a jelly (heavily wounded, not watching you, covered in acid, ally target, 90% to hit)
You throw a stone {throwing}.
The stone {throwing} hits the jelly but does no damage.
The jelly hits you.
* * * LOW HITPOINT WARNING * * *
You are splashed with acid.
You resist.
You die...

Skill      XL: |  1  2  3  4  5  6  7 |
---------------+----------------------+-----
Fighting       | 3 4 5 6 |  6.9
Armour         | 1 2 3 4 5 |  5.1
Throwing       | |  1.7
Dodging        | |  2.7
Unarmed Combat | |  2.6

Action                   |  1- 3 |  4- 6 |  7- 9 || total
-------------------------+-------+-------+-------++-------
Melee: Unarmed           |    49 |       |       ||    49
       Dagger            |    48 |   130 |    86 ||   264
       Punch             |       |     2 |       ||     2
       Kick              |       |    12 |    18 ||    30
       Morningstar       |       |       |     6 ||     6
Throw: Javelin           |     1 |       |       ||     1
       Throwing net      |     2 |       |       ||     2
       Stone             |       |       |    15 ||    15
  Use: Scroll            |     3 |     4 |     3 ||    10
       Potion            |     1 |     4 |     8 ||    13
 Stab: Held in net/web   |     1 |       |       ||     1
       Sleeping          |     1 |       |       ||     1
Armor: Leather armour    |    18 |    33 |    37 ||    88
       Skin              |       |     6 |    14 ||    20
Dodge: Dodged            |    54 |    97 |    80 ||   231

Levels and vault maps discovered:
D:1:      minmay_arrival_up_and_down, layout_basic,
          shapermc_ecumenical_altar_mp_ritualfount
D:2:      layout_loops_ring
D:3:      layout_basic, nicolae_wu_jian_glorious_leap,
          kennysheep_cluttered_room, grunt_decor_junction
D:4:      layout_gridville, trog_ov_bears_minmay, serial_shops,
          kennysheep_mini_moat
D:5:      nicolae_cairo_tiling_large, layout_cave_pods, gup_sewer_entry_bubbles,
          serial_park_tiny_1

Notes
Turn   | Place    | Note
-------+----------+-------------------------------------------
     0 | D:1      | spaghetti the Demonspawn Gladiator began the quest for the
                  | Orb.
     0 | D:1      | Reached XP level 1. HP: 16/16 MP: 1/1
     0 | D:1      | magus.rc [v1.9.6]
   283 | D:1      | Gained mutation: A weak demonic guardian rushes to your
                  | aid. [demonic ancestry]
   283 | D:1      | Reached XP level 2. HP: 16/23 MP: 2/2
   657 | D:1      | Reached skill level 3 in Fighting
   851 | D:1      | Found a faded altar of an unknown god.
   866 | D:1      | HP: 4/24 [frozen (4)]
  1263 | D:2      | Gained mutation: A demonic guardian rushes to your aid.
                  | [demonic ancestry]
  1263 | D:2      | Reached XP level 3. HP: 16/29 MP: 3/3
  1844 | D:2      | You pick up a book of Lightning and begin reading...
  1844 | D:2      | You add the spells Static Discharge, Lightning Bolt and
                  | Maxwell's Capacitive Coupling to your library.
  1904 | D:2      | Reached skill level 1 in Armour
  1929 | D:2      | Reached skill level 4 in Fighting
  1929 | D:2      | Reached XP level 4. HP: 25/37 MP: 4/4
  2779 | D:3      | HP: 9/37 [orc priest/+0 short sword (3)]
  2786 | D:3      | Reached skill level 2 in Armour
  2790 | D:3      | Gained mutation: You are partially covered in icy blue
                  | scales. (AC +2) [demonic ancestry]
  2790 | D:3      | Reached XP level 5. HP: 26/43 MP: 5/5
  3399 | D:3      | You pick up a book of Necromancy and begin reading...
  3399 | D:3      | You add the spells Pain, Animate Skeleton and Vampiric
                  | Draining to your library.
  3659 | D:3      | Found an ornate altar of the Wu Jian Council.
  3794 | D:4      | Reached skill level 5 in Fighting
  3816 | D:4      | Reached skill level 3 in Armour
  3835 | D:4      | Gained mutation: You have large cloven feet. [demonic
                  | ancestry]
  3835 | D:4      | Reached XP level 6. HP: 51/51 MP: 6/6
  4583 | D:4      | Found a bloodstained altar of Trog.
  4615 | D:3      | Reached skill level 6 in Fighting
  4615 | D:3      | Reached skill level 4 in Armour
  4615 | D:3      | Gained mutation: You have hoof-like feet. [demonic
                  | ancestry]
  4615 | D:3      | Reached XP level 7. HP: 39/58 MP: 7/7
  4815 | D:4      | Found Ficonola's General Store.
  4820 | D:4      | Bought a +1 trident of protection for 123 gold pieces
  4989 | D:5      | Entered Level 5 of the Dungeon
  5162 | D:5      | HP: 11/58 [orc priest/divine providence (14)]
  5166 | D:5      | HP: 3/58 [orc priest/divine providence (13)]
  5555 | D:5      | Found a glowing drain.
  5563 | Sewer    | Entered a sewer
  5582 | Sewer    | Noticed Pargi
  5588 | Sewer    | Killed Pargi
  5701 | Sewer    | Reached skill level 5 in Armour
  5814 | D:5      | HP: 20/88 [acid (3)]
  5827 | D:5      | HP: 6/59 [jelly (2)]
  5827 | D:5      | HP: 2/59 [acid (4)]
  5828 | D:5      | Splashed by a jelly's acid

Vanquished Creatures
  A black bear (D:3)
  A scorpion (D:4)
  2 orc priests (D:3)
  A hound (D:4)
  2 iguanas
  2 gnolls
  10 adders
  A river rat (D:5)
  2 worms
  3 dart slugs
  4 orcs
  6 endoplasms
  5 giant cockroaches
  5 goblins
  10 hobgoblins
  6 quokkas
  5 ball pythons
  2 bats
  9 frilled lizards
  8 kobolds
  2 rats
87 creatures vanquished.

Vanquished Creatures (collateral kills)
  Pargi (Sewer)
  A black bear (D:4)
  2 orc priests (D:5)
  3 jellies (D:5)
  A gnoll (D:4)
  An adder (D:2)
  A worm (D:2)
  An endoplasm (D:1)
11 creatures vanquished.

Grand Total: 98 creatures vanquished

Table legend:
 A = Non-vault XP
 B = Vault XP
 C = Vault XP percentage of total XP
 D = Non-vault monster count
 E = Vault monster count
 F = Vault count percentage of total count
                 A         B        C        D         E       F
            +---------+---------+-------+---------+---------+-------
      Total |     798 |     446 |  35.9 |      78 |      20 |  20.4
            +---------+---------+-------+---------+---------+-------
        D:1 |      27 |       0 |   0.0 |      15 |       0 |   0.0
        D:2 |      77 |       0 |   0.0 |      15 |       0 |   0.0
        D:3 |     165 |     128 |  43.7 |      21 |       1 |   4.5
        D:4 |     244 |     131 |  34.9 |      19 |       1 |   5.0
        D:5 |     285 |      29 |   9.2 |       8 |       8 |  50.0
      Sewer |       0 |     158 | 100.0 |       0 |      10 | 100.0
            +---------+---------+-------+---------+---------+-------

Illustrated notes

Table legend:
 A = Kills in this place as a percentage of kills in entire the game.
 B = Kills by you in this place as a percentage of kills by you in the entire game.
 C = Kills by friends in this place as a percentage of kills by friends in the entire game.
 D = Other kills in this place as a percentage of other kills in the entire game.
 E = Experience gained in this place as a percentage of experience gained in the entire game.
 F = Experience gained in this place divided by the number of levels of this place that you have seen.
                   A       B       C       D       E      F
               +-------+-------+-------+-------+-------+----------------------
         Total | 100.0 | 100.0 | 100.0 |   N/A | 100.0 | 207.3
       Dungeon |  89.8 |  89.7 |  90.9 |   N/A |  87.3 | 217.2
         Sewer |  10.2 |  10.3 |   9.1 |   N/A |  12.7 | 158.0
               +-------+-------+-------+-------+-------+----------------------

Table legend: (Time is in decaauts)
 A = Elapsed time spent in this place.
 B = Non-inter-level travel time spent in this place.
 C = Inter-level travel time spent in this place.
 D = Time resting spent in this place.
 E = Time spent auto-exploring this place.
 F = Levels seen in this place.
 G = Mean time per level.
                   A        B        C        D        E       F      G
               +--------+--------+--------+--------+--------+-----+--------+
         Total |   5865 |   5708 |    157 |   1175 |   3701 |   6 |  977.5 |
       Dungeon |   5649 |   5492 |    157 |   1175 |   3567 |   5 | 1129.8 |
         Sewer |    215 |    215 |      0 |      0 |    134 |   1 |  215.0 |
               +--------+--------+--------+--------+--------+-----+--------+

Top non-repeatable levels by time:
     D:3: 1680 daAuts
     D:1: 1345 daAuts
     D:4: 1076 daAuts
     D:2: 1014 daAuts
     D:5: 533 daAuts
   Sewer: 215 daAuts
